 Dungeon Crawl Stone Soup version 0.27.1 (webtiles) character file.

Game seed: 2527091488086840930

8634 bnorton916 the Thaumaturge (level 11, -7/54 HPs)
             Began as a Deep Elf Conjurer on Aug 23, 2021.
             Was a Follower of Vehumet.
             Mangled by a boulder beetle (10 damage)
             ... on level 11 of the Dungeon on Aug 24, 2021.
             The game lasted 00:28:37 (16561 turns).

bnorton916 the Thaumaturge (Deep Elf Conjurer)     Turns: 16561, Time: 00:28:39

Health: -7/54      AC:  7    Str:  5    XL:     11   Next: 12%
Magic:  20/36      EV: 14    Int: 23    God:    Vehumet [*.....]
Gold:   147        SH:  0    Dex: 13    Spells: 13/31 levels left

rFire    . . .     SeeInvis +   d - staff of conjuration
rCold    . . .     Faith    .   (no shield)
rNeg     . . .     Spirit   .   H - +1 robe "Kogiuqec" {rPois Int-3 Slay+4 SInv}
rPois    +         Reflect  .   U - +0 helmet
rElec    .         Harm     .   l - +0 cloak
rCorr    .         Rampage  .   i - +1 pair of gloves
Will     +....                  (no boots)
Stlth    ++........             y - amulet of magic regeneration
HPRegen  0.18/turn              F - ring of magical power
MPRegen  0.50/turn              (no ring)

@: no status effects
A: no striking features
a: Renounce Religion


You were on level 11 of the Dungeon.
You worshipped Vehumet.
Vehumet was aware of your devotion.
You visited 2 branches of the dungeon, and saw 12 of its levels.
You also visited: Sewer.

You collected 597 gold pieces.
You spent 450 gold pieces at shops.

Inventory:

Hand Weapons
 n - a +1 dagger of flaming
 A - a +0 rapier of freezing
 B - a +2 dagger of venom
Missiles
 b - 276 stones
 r - 16 poisoned darts
 M - 14 boomerangs of dispersal
Armour
 i - a +1 pair of gloves (worn)
 l - a +0 cloak (worn)
 C - a +1 robe of fire resistance
 H - the +1 robe "Kogiuqec" (worn) {rPois Int-3 Slay+4 SInv}
   (You found it on level 7 of the Dungeon)

   Int:       It affects your intelligence (-3).
   Slay:      It affects your accuracy & damage with ranged weapons and melee
   (+4).
   rPois:     It protects you from poison.
   SInv:      It lets you see invisible.
 U - a +0 helmet (worn)
Magical Staves
 d - a staff of conjuration (weapon)
 E - a staff of fire
Jewellery
 a - an amulet of regeneration
 y - an amulet of magic regeneration (around neck)
 F - a ring of magical power (left hand)
 N - a ring of fire
 T - an amulet of reflection
Wands
 o - a wand of iceblast (11)
 K - a wand of acid (9)
 O - a wand of mindburst (28)
 R - a wand of digging (5)
 S - a wand of flame (16)
Scrolls
 e - 6 scrolls of teleportation
 f - 2 scrolls of enchant armour
 h - 2 scrolls of noise
 m - 5 scrolls of blinking
 s - 4 scrolls of magic mapping
 t - 2 scrolls of amnesia
 w - a scroll of holy word
 x - a scroll of summoning {unknown}
 D - 3 scrolls of fog
 L - a scroll of torment {unknown}
 P - a scroll of fear
Potions
 c - 4 potions of cancellation
 g - 4 potions of might
 j - a potion of degeneration
 k - 4 potions of mutation
 p - a potion of invisibility
 q - 3 potions of brilliance
 u - 6 potions of heal wounds
 v - 2 potions of haste
 z - a potion of lignification
 G - a potion of berserk rage
 I - a potion of ambrosia {unknown}
 J - a potion of attraction
 Q - a potion of flight {unknown}


   Skills:
 + Level 3.5 Armour
 + Level 6.0 Dodging
 - Level 2.4 Stealth
 - Level 10.6 Spellcasting
 - Level 9.7 Conjurations
 - Level 8.9 Hexes
 - Level 7.4 Translocations
 + Level 4.7 Fire Magic
 + Level 4.7 Ice Magic


You had 13 spell levels left.
You knew the following spells:

 Your Spells              Type           Power      Damage    Failure   Level
a - Magic Dart            Conj           100%       1d8       1%          1
b - Searing Ray           Conj           100%       3d7       1%          2
c - Fulminant Prism       Conj/Hex       35%        3d18      1%          4
d - Iskenderun's Mystic   Conj/Tloc      67%        2d14      1%          4
e - Sandblast             Erth           24%        2d8       5%          1
f - Hailstorm             Conj/Ice       62%        3d13      2%          4
g - Blink                 Tloc           N/A        N/A       1%          2

Your spell library contained the following spells:

 Spells                   Type           Power      Damage    Failure   Level
 Apportation              Tloc           92%        N/A       1%          1
 Corona                   Hex            57%        N/A       1%          1
 Slow                     Hex            52%        N/A       1%          2
 Conjure Flame            Conj/Fire      62%        6-21      1%          3
 Dazzling Flash           Conj/Hex       100%       N/A       1%          3
 Inner Flame              Hex/Fire       43%        N/A       1%          3
 Portal Projectile        Hex/Tloc       98%        N/A       1%          3
 Teleport Other           Tloc           46%        N/A       1%          3
 Cause Fear               Hex            26%        N/A       1%          4
 Ozocubu's Armour         Ice            34%        N/A       2%          3
 Sticky Flame             Conj/Fire      62%        2d8       2%          4
 Animate Skeleton         Necr           24%        N/A       5%          1
 Summon Small Mammal      Summ           48%        N/A       5%          1
 Manifold Assault         Tloc           46%        N/A       7%          5
 Ignite Poison            Fire/Tmut/Pois 19%        N/A       9%          3
 Leda's Liquefaction      Hex/Erth       16%        N/A       9%          4
 Metabolic Englaciation   Hex/Ice        21%        N/A       9%          5
 Call Canine Familiar     Summ           12%        N/A       16%         3
 Summon Forest            Summ/Tloc      14%        N/A       32%         5
 Dispersal                Tloc           23%        N/A       36%         6
 Eringya's Noxious Bog    Tmut/Pois      6%         N/A       100%        6
 Ozocubu's Refrigeration  Ice            17%        4d8       100%        7
 Discord                  Hex            26%        N/A       100%        8
 Disjunction              Tloc           23%        N/A       100%        8


Dungeon Overview and Level Annotations

Branches:
Dungeon (11/15)            Temple (1/1) D:7            Lair (0/6) D:11
    Orc (0/2) D:10          Sewer (visited)

Altars:
Ashenzari
Cheibriados
Dithmenos
Elyvilon
Fedhas
Gozag
Hepliaklqana
Kikubaaqudgha
Makhleb
Nemelex Xobeh
Okawaru
Qazlal
Ru
Sif Muna
Trog
Uskayaw
Vehumet
Wu Jian
Xom
Yredelemnul
Zin
The Shining One

Shops:
D:8 ?   D:10 =(!::

Annotations:
D:6 2 transporters, oldmanjim's ghost, novice DrVM
D:8 1 runed translucent door, kdavids2's ghost, novice DDFi


Message History

The boulder beetle is lightly wounded.
The boulder beetle is knocked back by the mystic blast.
Your fulminant prism explodes!
The blast of energy engulfs the boulder beetle!
The boulder beetle is moderately wounded.
You hear a bellow! x3
Casting: Iskenderun's Mystic Blast (dangerous; 1% risk of failure)
Confirm with . or Enter, or press ? or * to list all spells.
Aiming: Fulminant Prism (dangerous; 1% risk of failure)
Press: ? - help, Dir - move target You feel a surge of power!
You conjure a prism of explosive energy!
A fulminant prism comes into view.
The boulder beetle curls into a ball and begins rolling!
Your fulminant prism crackles loudly.
Your fulminant prism explodes!
The blast of energy engulfs the boulder beetle!!
The boulder beetle is severely wounded.
You hear a roar!
You hear a bellow!
You see here 21 arrows.
Casting: Fulminant Prism (dangerous; 1% risk of failure)
Confirm with . or Enter, or press ? or * to list all spells.
Aiming: Fulminant Prism (dangerous; 1% risk of failure)
Press: ? - help, Dir - move target You feel a surge of power!
You conjure a prism of explosive energy!
A fulminant prism comes into view.
The boulder beetle hits you!!!
Ouch! That really hurt!
* * * LOW HITPOINT WARNING * * *
The boulder beetle stops rolling and uncurls.
Your fulminant prism crackles loudly.
Unknown command.
Casting: Fulminant Prism (dangerous; 1% risk of failure)
Confirm with . or Enter, or press ? or * to list all spells.
You feel a surge of power!
You erupt in a blast of force!
The mystic blast hits the boulder beetle but does no damage.
The boulder beetle is severely wounded.
The boulder beetle bites you!
You die...

#..............### ._....#
#................. ....
#................. ##'##
#...........###### ####...#
#...........# #.....##
#...........# #....##
#...........########...#####
#.................*..........
#.....[........@B°...........
#......>.....#########..#####
#............# #..#
#..^.........# #..#
#............# #..#
#............####### ..#
#............(......
#...................
###########..#########


You could see a boulder beetle (ally target) and a friendly fulminant prism.

Vanquished Creatures
  2 two-headed ogres
  Nergalle (D:10)
  Maurice (D:8)
  2 unseen horrors
  Grinder (D:5)
  3 wyverns (D:11)
  6 yaks (D:11)
  2 vampire mosquitoes (D:11)
  A steam dragon (D:6)
  Menkaure (D:5)
  5 water moccasins
  Duvessa (D:5)
  A black bear (D:3)
  2 orc warriors
  A sky beast (D:5)
  An ice beast (D:7)
  2 necrophages
  3 ogres
  A phantom (D:5)
  4 centaurs
  5 kobold brigands
  A bullfrog (D:7)
  2 scorpions
  A wyvern zombie (D:7)
  Dowan (D:5)
  A water moccasin skeleton (D:7)
  An electric eel (D:7)
  3 howler monkeys
  3 bullfrog skeletons
  2 centaur zombies
  A centaur skeleton (D:6)
  2 hounds (D:5)
  A gnoll shaman (D:7)
  7 orc priests
  A jelly (D:6)
  3 iguanas
  4 orc wizards
  Natasha (thrice) (D:4)
  A scorpion zombie (D:5)
  2 howler monkey skeletons
  9 adders
  7 gnolls
  10 river rats (Sewer)
  3 shadow imps
  An ufetubus (D:6)
  3 worms
  4 dart slugs
  13 orcs
  10 ball pythons
  6 bats
  6 endoplasms
  9 giant cockroaches
  7 goblins
  9 hobgoblins
  8 jackals
  3 quokkas
  2 frilled lizards
  39 kobolds
  17 rats
252 creatures vanquished.

Vanquished Creatures (others)
  6 bushes (D:11)
  22 fulminant prisms
  10 fungi
  28 plants
66 creatures vanquished.

Grand Total: 318 creatures vanquished

Notes
Turn   | Place    | Note
-------+----------+-------------------------------------------
     0 | D:1      | bnorton916 the Deep Elf Conjurer began the quest for the
                  | Orb.
     0 | D:1      | Reached XP level 1. HP: 10/10 MP: 6/6
   334 | D:1      | Reached XP level 2. HP: 15/15 MP: 5/8
   990 | D:2      | Reached skill level 4 in Spellcasting
   990 | D:2      | Reached skill level 5 in Conjurations
   990 | D:2      | Reached XP level 3. HP: 19/19 MP: 5/10
   993 | D:2      | Learned a level 2 spell: Searing Ray
  1788 | D:2      | Reached XP level 4. HP: 24/24 MP: 9/12
  2019 | D:2      | Found a faded altar of an unknown god.
  2155 | D:3      | Identified a scroll of acquirement
  2155 | D:3      | Acquired a staff of conjuration
  2193 | D:3      | Reached skill level 5 in Spellcasting
  2230 | D:3      | Got the Disquisition on Venom and Snow
  2236 | D:3      | Learned a level 4 spell: Fulminant Prism
  2241 | D:3      | Learned a level 4 spell: Iskenderun's Mystic Blast
  2289 | D:3      | Noticed a black bear
  2296 | D:3      | Killed a black bear
  2297 | D:3      | Reached XP level 5. HP: 28/28 MP: 6/15
  3174 | D:4      | Noticed Natasha
  3179 | D:4      | Killed Natasha
  3180 | D:4      | Reached skill level 6 in Spellcasting
  3180 | D:4      | Reached skill level 1 in Hexes
  3191 | D:4      | Noticed Natasha
  3202 | D:4      | Killed Natasha
  3203 | D:4      | Reached skill level 1 in Translocations
  3252 | D:4      | Noticed Natasha
  3254 | D:4      | Killed Natasha
  3255 | D:4      | Reached XP level 6. HP: 32/32 MP: 11/17
  3477 | D:4      | Found a glowing drain.
  3558 | Sewer    | Entered a sewer
  4215 | Sewer    | Reached XP level 7. HP: 32/36 MP: 7/19
  5529 | D:4      | Reached skill level 7 in Spellcasting
  5689 | D:4      | Found a burning altar of Makhleb.
  5689 | D:4      | Found a bloodstained altar of Trog.
  5782 | D:5      | Entered Level 5 of the Dungeon
  6545 | D:5      | Noticed Duvessa
  6545 | D:5      | Noticed Dowan
  6552 | D:5      | Killed Duvessa
  6553 | D:5      | Reached XP level 8. HP: 34/41 MP: 13/21
  6553 | D:5      | Killed Dowan
  6805 | D:5      | Reached skill level 5 in Hexes
  6977 | D:5      | Noticed Menkaure
  6979 | D:5      | Killed Menkaure
  6980 | D:5      | Reached skill level 8 in Spellcasting
  7023 | D:5      | Noticed Grinder
  7030 | D:5      | Paralysed by Grinder for 4 turns
  7035 | D:5      | Killed Grinder
  7244 | D:5      | Reached skill level 5 in Translocations
  7643 | D:6      | Found a transporter.
  7956 | D:6      | Noticed oldmanjim's ghost (novice DrVM)
  8069 | D:6      | Found a transporter.
  8213 | D:6      | Reached skill level 9 in Spellcasting
  8213 | D:6      | Reached XP level 9. HP: 45/45 MP: 19/24
  8265 | D:6      | Acquired the Compendium of Displaced Beguiling
  9057 | D:7      | Identified the +1 robe "Kogiuqec" {rPois Int-3 Slay+4 SInv}
  9075 | D:7      | Found a staircase to the Ecumenical Temple.
  9105 | Temple   | Entered the Ecumenical Temple
  9237 | Temple   | Became a worshipper of Vehumet
 10983 | D:8      | Reached skill level 10 in Spellcasting
 11827 | D:8      | Found Sink's Magic Scroll Boutique.
 11834 | D:8      | Noticed Maurice
 11850 | D:8      | Killed Maurice
 11855 | D:8      | Bought a scroll of blinking for 112 gold pieces
 11855 | D:8      | Bought a scroll of magic mapping for 52 gold pieces
 11855 | D:8      | Bought a scroll of magic mapping for 52 gold pieces
 11855 | D:8      | Bought a scroll of fear for 52 gold pieces
 11855 | D:8      | Bought a scroll of blinking for 112 gold pieces
 12086 | D:8      | Found a runed translucent door.
 12088 | D:8      | Noticed kdavids2's ghost (novice DDFi)
 12088 | D:8      | Noticed a polar bear
 12090 | D:8      | Identified the +6 trident of Slime {vorpal, rF+ rN+ Will++
                  | Stlth+}
 12100 | D:8      | Noticed a two-headed ogre
 12109 | D:8      | Killed a two-headed ogre
 12110 | D:8      | Reached XP level 10. HP: 50/50 MP: 20/26
 12804 | D:9      | Learned a level 4 spell: Hailstorm
 13019 | D:9      | Reached * piety under Vehumet
 13019 | D:9      | Offered knowledge of Sandblast by Vehumet.
 13022 | D:9      | Learned a level 1 spell: Sandblast
 13038 | D:9      | Reached skill level 1 in Fire Magic
 13038 | D:9      | Reached skill level 1 in Ice Magic
 13482 | D:10     | Entered Level 10 of the Dungeon
 13519 | D:10     | Found Peedum's Antique Weapon Shop.
 13530 | D:10     | Noticed Nergalle
 13540 | D:10     | Killed Nergalle
 13541 | D:10     | Reached skill level 1 in Armour
 13912 | D:10     | Found Munk's Distillery.
 13928 | D:10     | Bought a potion of heal wounds for 70 gold pieces
 14016 | D:10     | Found a staircase to the Orcish Mines.
 14316 | D:10     | Found Nevvagav's Book Shoppe.
 14353 | D:10     | Found Gimpoiq's Book Shoppe.
 14665 | D:10     | Found Ymnyv's Jewellery Emporium.
 15136 | D:11     | Noticed a two-headed ogre
 15141 | D:11     | Killed a two-headed ogre
 15142 | D:11     | Reached skill level 5 in Dodging
 15634 | D:11     | Found a staircase to the Lair.
 15647 | D:11     | Reached XP level 11. HP: 27/54 MP: 24/27
 15769 | D:11     | Noticed a boulder beetle
 15783 | D:11     | Learned a level 2 spell: Blink
 16242 | D:11     | Found a faded altar of an unknown god.
 16242 | D:11     | Found a faded altar of an unknown god.
 16242 | D:11     | Found a faded altar of an unknown god.
 16242 | D:11     | Found a hazy altar of Hepliaklqana.
 16561 | D:11     | Mangled by a boulder beetle

Illustrated notes

Levels and vault maps discovered:
D:1:      heliophobic_arrival_ceremonial_halls, layout_basic
D:2:      minmay_diamond_boxcup, layout_rooms,
          hellmonk_ecumenical_altar_arch_garden
D:3:      layout_basic
D:4:      layout_loops_ring, gammafunk_temple_overflow_elements,
          portal_sewer_entry_f, uniq_natasha
D:5:      layout_loops_corners, minmay_misc_feat_encased,
          hangedman_decor_points, uniq_menkaure, uniq_duvessa, uniq_grinder
D:6:      kennysheep_spiral_hall, layout_basic, gammafunk_ghost_stat_death
D:7:      layout_basic, minmay_temple_entry_grid, kennysheep_pointless_box,
          minmay_unpleasant_kobolds
D:8:      layout_layer_cave, serial_shops, shop, ebering_ghost_funeral_grove,
          chequers_decorated_corner, uniq_maurice
D:9:      layout_loops_ring
D:10:     layout_cave_pods, orc_0_dummy, serial_shops, nicolae_take_the_stairs,
          shop, nicolae_shop_crystal, shop, nicolae_shop_overgrown_old_shop,
          statue_in_the_mist_lemuel, grunt_decor_arrowhead, chequers_garden,
          uniq_nergalle
D:11:     layout_long_grid, minmay_lair_entry_grove,
          nicolae_hepliaklqana_ecumenical_no_more
Temple:   regret_index_temple_chain_breaker

Skill      XL: |  1  2  3  4  5  6  7  8  9 10 11 |
---------------+----------------------------------+-----
Spellcasting   | 4 5 6 7 9 10 | 10.6
Conjurations   | 5 6 7 8 9 |  9.7
Hexes          | 1 3 4 6 8 |  8.9
Translocations | 1 2 3 5 7 |  7.4
Fire Magic     | 4 |  4.7
Ice Magic      | 4 |  4.7
Dodging        | 5 6 |  6.0
Armour         | 3 |  3.5
Stealth        | |  2.4

Action                   |  1- 3 |  4- 6 |  7- 9 | 10-12 || total
-------------------------+-------+-------+-------+-------++-------
Melee: Staff             |       |       |     2 |       ||     2
 Cast: Magic Dart        |    78 |    72 |   148 |    34 ||   332
       Searing Ray       |       |    23 |    47 |    21 ||    91
       Iskenderun's Myst |       |     1 |     5 |    18 ||    24
       Fulminant Prism   |       |       |     9 |    14 ||    23
       Hailstorm         |       |       |       |     1 ||     1
       Sandblast         |       |       |       |     1 ||     1
  Use: Scroll            |       |    12 |    10 |     2 ||    24
       Potion            |       |       |       |     1 ||     1
Armor: Robe              |     1 |     9 |    14 |    14 ||    38
Dodge: Dodged            |     1 |    13 |    32 |    33 ||    79
